 Dungeon Crawl Stone Soup version 0.29-a0-344-ge2f44be95a (webtiles) character file.

Game seed: 4601102565457974891

67 spaghetti the Shooter (level 3, -1/43 HPs)
             Began as a Demigod Wanderer on Apr 21, 2022.
             Slain by an orc priest
             ... wielding a +0 quarterstaff
              (6 damage)
             ... on level 3 of the Dungeon.
             The game lasted 00:03:44 (1793 turns).

spaghetti the Shooter (Demigod Wanderer)            Turns: 1793, Time: 00:03:45

Health: -1/43      AC: 21    Str: 16    XL:     3   Next: 70%
Magic:  5/5        EV:  2    Int: 10    God:
Gold:   113        SH:  0    Dex: 18    Spells: 2/2 levels left

rFire   . . .      SeeInvis .   a - +1 short sword (vamp) {short}
rCold   . . .      Faith    .   (no shield)
rNeg    . . .      Spirit   .   (body armour currently unavailable)
rPois   +          Reflect  .   (helmet currently unavailable)
rElec   .          Harm     .   (cloak currently unavailable)
rCorr   .          Rampage  .   (gloves currently unavailable)
Will    .....      NoTele   +   (boots currently unavailable)
Stlth   ++........              s - amulet of the acrobat
HPRegen 0.14/turn               (no ring)
MPRegen 0.09/turn               (no ring)

@: tree-form
A: stationary, stasis, torment immunity, boosted hp, high MP 1, forlorn, divine
attributes
a: no special abilities


You were on level 3 of the Dungeon.
You were a tree.
You visited 1 branch of the dungeon, and saw 3 of its levels.

You collected 113 gold pieces.


Innate Abilities, Weirdness & Mutations

You are a tree.
Your roots penetrate the ground, keeping you stationary.
You cannot be teleported.
You are immune to unholy pain and torment.
Your maximum health is greatly increased.
Your equipment is partially melded.
You have an increased reservoir of magic. (+10% MP)
You shall have no god before yourself.
Your divine heritage dramatically boosts your attributes as you level up.


   Skills:
 - Level 1.7 Fighting
 - Level 1.0 Polearms
 + Level 4.6 Bows
 * Level 2.6 Dodging
 - Level 1.0 Stealth


You had 2 spell levels left.
You didn't know any spells.
Your spell library contained the following spells:

 Spells                   Type           Power      Damage    Failure   Level
 Foxfire                  Conj/Fire      0%         2x1d4     36%         1
 Freeze                   Ice            0%         1d3       36%         1
 Conjure Flame            Conj/Fire      0%         6-21      75%         3
 Frozen Ramparts          Ice            0%         1d2       75%         3
 Inner Flame              Hex/Fire       0%         N/A       75%         3
 Flame Wave               Conj/Fire      0%         2d4       98%         4
 Hailstorm                Conj/Ice       0%         3d3       98%         4

Inventory:

Hand Weapons
 a - a +1 vampiric short sword (weapon) {short}
   (You took it off a kobold on level 1 of the Dungeon)
 b - a +2 shortbow {bow}
 m - a +0 spear {polearm}
Missiles
 f - 89 stones {throwing}
 h - 4 poisoned darts {throwing}
Armour
 j - a +0 pair of boots (melded)
   (You found it on level 1 of the Dungeon)
 u - a +3 leather armour of fire resistance (melded)
   (You took it off an orc on level 2 of the Dungeon)
Magical Staves
 g - a staff of air {!astaff}
   (You found it on level 1 of the Dungeon)
Jewellery
 s - an amulet of the acrobat (around neck)
   (You found it on level 2 of the Dungeon)
Scrolls
 i - 2 scrolls of amnesia {unknown}
 k - a scroll of identify {unknown}
 n - a scroll of holy word {unknown}
 p - a scroll of vulnerability {unknown}
 t - a scroll of teleportation {unknown}
Potions
 o - 2 potions of brilliance {unknown}
 q - a potion of curing {@q1}
 r - 2 potions of flight {unknown}

Dungeon Overview and Level Annotations

Branches:
Dungeon (3/15)

Shops:
D:2

=: #.# #.#
#.# #.#
#.#####
#.....#
#####.# #.#
#.#
########.##
#..o♣.....#
#.######..#
#..# ####
... ...


You could see an orc priest.


Message History

No target in view!
No target in view!
No target in view!
No target in view!
No target in view!
No target in view!
No target in view!
No target in view!
No target in view!
No target in view!
No target in view!
No target in view!
No target in view!
No target in view!
No target in view!
No target in view!
You see here a rat corpse.
Key pressed, stopping explore.
An orc priest is nearby!
An orc priest is nearby!
An orc priest is nearby!
You shoot an arrow. The arrow hits the orc priest.
The orc priest begins to cast a cantrip, but forgets the words!
You shoot an arrow. The arrow hits the orc priest.
You shoot an arrow.
The arrow closely misses the orc priest.
The orc priest calls down the wrath of Beogh upon you.
Pain shoots through your body!
You are too injured to fight recklessly!
You are too injured to fight recklessly! 😮 HP[-8]
You take 8 damage, and now have 21/29 hp.
MASSIVE DAMAGE!! (PAUSE)
You feel a sense of dread.
a - a +1 vampiric short sword (weapon)
{short} The orc priest calls down the wrath of Beogh upon you.
Pain shoots through your body!
* * * LOW HITPOINT WARNING * * *
😨 HP[-13]
You take 13 damage, and now have 8/29 hp.
MASSIVE DAMAGE!! (PAUSE) Unknown command.
You hit the orc priest but do no damage.
The orc priest miscasts a cantrip.
It was a potion of heal wounds.
You feel much better. The orc priest misses you. 😎 HP[+21]
Your hp is fully restored (29).
You hit the orc priest but do no damage.
The orc priest closely misses you.
You hit the orc priest.
The orc priest looks satisfied for a moment.
You hit the orc priest but do no damage.
The orc priest completely misses you.
The orc priest hits you with a +0 quarterstaff. 😕 HP[-6]
You take 6 damage, and now have 23/29 hp.
MASSIVE DAMAGE!! (PAUSE)
You hit the orc priest but do no damage.
The orc priest barely misses you.
You closely miss the orc priest. The orc priest misses you.
You hit the orc priest but do no damage.
The orc priest closely misses you. 😕 HP[+1]
You hit the orc priest but do no damage.
The orc priest looks encouraged for a moment.
You hit the orc priest but do no damage.
The orc priest calls down the wrath of Beogh upon you.
Beogh smites you!
* * * LOW HITPOINT WARNING * * *
😨 HP[-13]
You take 13 damage, and now have 11/29 hp.
MASSIVE DAMAGE!! (PAUSE)
You hit the orc priest but do no damage.
The orc priest hits you with a +0 quarterstaff.
* * * LOW HITPOINT WARNING * * *
😱 HP[-4]
You take 4 damage, and now have 7/29 hp.
It was a potion of cancellation.
You feel magically purged. The orc priest misses you.
Really quaff
d - a potion of lignification {!q}?
Really quaff the potion of lignification?
You turn into a tree.
Your +0 pair of boots melds into your body.
Your +3 leather armour of fire resistance melds into your body.
You feel less resistant to fire.
Your roots penetrate the ground.
The orc priest hits you with a +0 quarterstaff.
* * * LOW HITPOINT WARNING * * *
😱 HP[-2]
You now have 43 max hp (+14).
You hit the orc priest.
The orc priest looks encouraged for a moment.
You barely miss the orc priest.
The orc priest drinks a potion.
The orc priest is healed!
Unknown command.
Unknown command.
You hit the orc priest but do no damage.
The orc priest hits you with a +0 quarterstaff.
You die...

Skill      XL: |  1  2 |
---------------+-------+-----
Bows           | 4 |  4.6
Dodging        | 2 |  2.6
Fighting       | |  1.7
Polearms       | |  1.0
Stealth        | |  1.0

Action                   || total
-------------------------++-------
Melee: Short sword       ||    49
       Punch             ||     1
 Fire: Shortbow          ||   101
  Use: Potion            ||     3
Armor: Leather armour    ||    14
Dodge: Dodged            ||    39

Levels and vault maps discovered:
D:1:      nzn_arrival_crosshair, layout_basic, serial_corexii_hall,
          corexii_hall_statues_l, corexii_hall_statues_l, corexii_hall_statues_i
D:2:      layout_rooms, shapermc_ecumenical_altar_acropolis, serial_shops, shop,
          nicolae_square_shop, minivault_4
D:3:      layout_loops_ring, ebering_ghost_reflecting_pool

Notes
Turn   | Place    | Note
-------+----------+-------------------------------------------
     0 | D:1      | spaghetti the Demigod Wanderer began the quest for the Orb.
     0 | D:1      | spaghetti set off with the following items: a +2 shortbow
                  | {bow}, a +0 spear {polearm}, a +0 pair of boots, a potion
                  | of lignification {!q}, a +0 leather armour
     0 | D:1      | Reached XP level 1. HP: 17/17 MP: 3/3
     0 | D:1      | magus.rc [v1.9.6]
     3 | D:1      | You pick up a book of Flames and begin reading...
     3 | D:1      | You add the spells Foxfire, Conjure Flame, Inner Flame and
                  | Flame Wave to your library.
   221 | D:1      | Reached skill level 4 in Bows
   328 | D:1      | Reached XP level 2. HP: 24/24 MP: 4/4
   657 | D:1      | You pick up a book of Frost and begin reading...
   657 | D:1      | You add the spells Freeze, Frozen Ramparts and Hailstorm to
                  | your library.
   843 | D:1      | Reached skill level 2 in Dodging
   945 | D:2      | Reached XP level 3. HP: 29/29 MP: 5/5
  1358 | D:2      | Found Uplun's Jewellery Shoppe.
  1483 | D:2      | Found Semeseps's Book Shoppe.
  1788 | D:3      | HP: 7/29 [orc priest/+0 quarterstaff (4)]
  1793 | D:3      | Slain by an orc priest

Vanquished Creatures
  An adder (D:2)
  3 worms
  A dart slug (D:1)
  An orc (D:2)
  3 endoplasms
  A giant cockroach (D:1)
  8 hobgoblins
  4 jackals (D:2)
  3 kobolds (D:1)
  2 quokkas (D:1)
  3 ball pythons
  6 bats
  A frilled lizard (D:1)
  3 goblins (D:1)
  5 rats
45 creatures vanquished.

Vanquished Creatures (others)
  A fungus (D:2)
1 creature vanquished.

Grand Total: 46 creatures vanquished

Table legend:
 A = Non-vault XP
 B = Vault XP
 C = Vault XP percentage of total XP
 D = Non-vault monster count
 E = Vault monster count
 F = Vault count percentage of total count
                 A         B        C        D         E       F
            +---------+---------+-------+---------+---------+-------
      Total |      96 |       0 |   0.0 |      45 |       0 |   0.0
            +---------+---------+-------+---------+---------+-------
        D:1 |      42 |       0 |   0.0 |      24 |       0 |   0.0
        D:2 |      51 |       0 |   0.0 |      18 |       0 |   0.0
        D:3 |       3 |       0 |   0.0 |       3 |       0 |   0.0
            +---------+---------+-------+---------+---------+-------

Illustrated notes

Table legend:
 A = Kills in this place as a percentage of kills in entire the game.
 B = Kills by you in this place as a percentage of kills by you in the entire game.
 C = Kills by friends in this place as a percentage of kills by friends in the entire game.
 D = Other kills in this place as a percentage of other kills in the entire game.
 E = Experience gained in this place as a percentage of experience gained in the entire game.
 F = Experience gained in this place divided by the number of levels of this place that you have seen.
                   A       B       C       D       E      F
               +-------+-------+-------+-------+-------+----------------------
         Total | 100.0 | 100.0 |   N/A |   N/A | 100.0 |  32.0
       Dungeon | 100.0 | 100.0 |   N/A |   N/A | 100.0 |  32.0
               +-------+-------+-------+-------+-------+----------------------

Table legend: (Time is in decaauts)
 A = Elapsed time spent in this place.
 B = Non-inter-level travel time spent in this place.
 C = Inter-level travel time spent in this place.
 D = Time resting spent in this place.
 E = Time spent auto-exploring this place.
 F = Levels seen in this place.
 G = Mean time per level.
                   A        B        C        D        E       F      G
               +--------+--------+--------+--------+--------+-----+--------+
         Total |   1823 |   1773 |     50 |     74 |   1377 |   3 |  607.7 |
       Dungeon |   1823 |   1773 |     50 |     74 |   1377 |   3 |  607.7 |
               +--------+--------+--------+--------+--------+-----+--------+

Top non-repeatable levels by time:
     D:1: 932 daAuts
     D:2: 780 daAuts
     D:3: 110 daAuts
